 Dungeon Crawl Stone Soup version 0.22-a0-305-gd21a89c (webtiles) character file.

3253 xccam the Cleaver (level 10, 0/73 HPs)
             Began as a Formicid Fighter on Mar 30, 2018.
             Was a Follower of Cheibriados.
             Slain by a gnoll
             ... wielding a +0 halberd
              (3 damage)
             ... in a bailey.
             The game lasted 00:14:08 (7347 turns).

xccam the Cleaver (Formicid Fighter)                Turns: 7347, Time: 00:14:09

Health: 0/73       AC:  9    Str: 27      XL:     10   Next: 19%
Magic:  10/10      EV: 11    Int: 12 (15) God:    Cheibriados [*.....]
Gold:   247        SH: 12    Dex: 12 (13) Spells: 9/9 levels left

rFire    . . .     SeeInvis +   a - +0 war axe
rCold    . . .     Gourm    .   c - +0 shield
rNeg     . . .     Faith    +   b - +0 scale mail
rPois    .         Spirit   .   (helmet unavailable)
rElec    .         Reflect  .   (no cloak)
rCorr    +         Harm     .   o - +1 pair of gloves
MR       +....                  (no boots)
Stlth    ..........             D - amulet of faith
HPRegen  0.22/turn              t - ring of resist corrosion
MPRegen  0.12/turn              C - +4 ring of intelligence

@: very slow
A: permanent stasis, dig shafts and tunnels, four strong arms, antennae 3
a: Dig, Shaft Self, Bend Time, Renounce Religion


You were in a bailey.
You worshipped Cheibriados.
Cheibriados was aware of your devotion.
You were not hungry.

You visited 1 branch of the dungeon, and saw 8 of its levels.
You also visited: Bailey.

You collected 247 gold pieces.

Inventory:

Hand Weapons
 a - a +0 war axe (weapon)
Armour
 b - a +0 scale mail (worn)
 c - a +0 shield (worn)
 o - a +1 pair of gloves (worn)
Jewellery
 r - an uncursed ring of wizardry
 t - a ring of resist corrosion (left hand)
 C - a +4 ring of intelligence (right hand)
 D - an amulet of faith (around neck)
Wands
 i - a wand of flame (37)
Scrolls
 d - a scroll of remove curse
 h - a scroll of noise {unknown}
 k - 2 scrolls of fog
 n - a scroll of fear {unknown}
 p - 8 scrolls of identify
 s - a scroll of immolation {unknown}
 v - a scroll of amnesia
 y - a scroll of brand weapon {unknown}
 z - 3 scrolls of blinking
 A - a scroll of torment {unknown}
 B - a scroll of summoning {unknown}
Potions
 e - 3 potions of berserk rage
 l - a potion of lignification
 m - 3 potions of resistance
 u - a potion of flight
Comestibles
 f - 13 rations


   Skills:
 + Level 4.6 Fighting
 + Level 10.3 Axes
 * Level 5.7 Armour
 + Level 2.4 Dodging
 - Level 9.0 Shields


You had 9 spell levels left.
You didn't know any spells.

Dungeon Overview and Level Annotations

Branches:
Dungeon (8/15)             Temple (0/1) D:7
   Lair: D:8-11

Altars:
Cheibriados
Dithmenos
Elyvilon
Hepliaklqana
Makhleb
Nemelex Xobeh
Okawaru
Trog
Wu Jian
Xom
Yredelemnul
Zin

Shops:
D:4 =   D:5 :

Annotations:
D:8 galech's ghost, novice CeHu


Innate Abilities, Weirdness & Mutations

You cannot be hasted, slowed, berserked, paralysed or teleported.
You can dig through walls and to a lower floor.
Your four strong arms can wield two-handed weapons with a shield.
You have a pair of large antennae on your head. (SInv)


Message History

You block the gnoll sergeant's attack.
You hit the gnoll sergeant.
You kill the gnoll sergeant!
Cheibriados thoroughly appreciates the change of pace.
Cheibriados raises the support of your attributes as your movement slows.
You feel your dexterity returning.
You barely miss the gnoll. The gnoll misses you. You block the gnoll's attack.
Unknown command.
You hit the gnoll but do no damage.
The gnoll is almost dead.
The gnoll barely misses you.
Unknown command.
You hit the gnoll but do no damage.
The gnoll is almost dead.
You block the gnoll's attack.
Unknown command.
You hit the gnoll but do no damage.
The gnoll is almost dead.
The gnoll hits you with a halberd.
You die...

♣♣)♣♣ ♣♣.).♣♣♣♣
♣♣♣♣.......♣♣
♣♣♣...........♣♣♣
♣♣...............♣♣
♣♣≈≈≈≈≈≈≈...≈≈≈≈≈≈≈♣♣
♣≈≈...............≈≈♣
♣≈.......).........≈♣
♣≈.######@)'######.≈♣
♣≈.# #g..# #.≈♣ ♣≈##
#...# ##≈♣ ♣≈ {{
{{#...#{{ {{ ≈♣ ♣≈ {
##'## { ≈♣ ♣≈ { ..#
≈♣ ♣≈ ...# { ≈♣ ♣≈ {
....# { ≈♣ ♣≈ 8$..#
≈♣


You could see a gnoll.

Vanquished Creatures
  A two-headed ogre (D:8)
  Pikel (D:7)
  The ghost of Moebius the Nimble, a novice GnWn of Makhleb (D:6)
  An orc warrior (D:8)
  An ice beast (D:6)
  A black bear (D:7)
  2 centaurs
  An ogre (D:7)
  A big kobold (D:7)
  Blork the orc (D:5)
  A bullfrog (D:7)
  A gnoll sergeant (Bailey)
  A scorpion (D:5)
  2 howler monkeys
  2 jellies (D:6)
  A crimson imp (D:7)
  4 bullfrog skeletons
  2 orc priests (D:7)
  2 gnoll shamans
  4 hounds
  A quasit (D:7)
  3 orc wizards
  An iguana (D:5)
  A worker ant (D:5)
  A hound skeleton (D:4)
  A howler monkey zombie (D:6)
  11 gnolls
  8 adders
  2 worms
  2 dart slugs
  A leopard gecko (D:1)
  6 orcs
  6 bats
  2 giant cockroaches
  9 goblins
  10 hobgoblins
  3 jackals (D:4)
  11 kobolds
  A quokka (D:2)
  3 frilled lizards
  2 leopard gecko skeletons
  A leopard gecko zombie (D:5)
  6 rats
123 creatures vanquished.

Vanquished Creatures (others)
  A centaur (D:7)
  A scorpion (D:7)
  3 kobolds (D:7)
5 creatures vanquished.

Grand Total: 128 creatures vanquished

Notes
Turn   | Place    | Note
-------+----------+-------------------------------------------
     0 | D:1      | xccam the Formicid Fighter began the quest for the Orb.
     0 | D:1      | Reached XP level 1. HP: 18/18 MP: 1/1
   109 | D:1      | Reached XP level 2. HP: 21/24 MP: 2/2
   367 | D:1      | Reached XP level 3. HP: 28/29 MP: 3/3
   602 | D:1      | Reached skill level 3 in Axes
   980 | D:2      | Reached XP level 4. HP: 18/35 MP: 4/4
  2408 | D:3      | Found an ornate altar of the Wu Jian Council.
  2741 | D:4      | Reached skill level 4 in Axes
  2798 | D:4      | Reached XP level 5. HP: 41/41 MP: 5/5
  2846 | D:4      | Reached skill level 5 in Shields
  2954 | D:4      | Found Potaeluf's Jewellery Emporium.
  3028 | D:4      | Reached XP level 6. HP: 43/47 MP: 6/6
  3036 | D:4      | Reached skill level 5 in Axes
  3100 | D:5      | Entered Level 5 of the Dungeon
  3143 | D:5      | Found Ytta's Book Shoppe.
  3228 | D:5      | Found a snail-covered altar of Cheibriados.
  3228 | D:5      | Found a bloodstained altar of Trog.
  3255 | D:5      | Found a basalt altar of Yredelemnul.
  3259 | D:5      | Found a sparkling altar of Nemelex Xobeh.
  3375 | D:5      | Found a hazy altar of Hepliaklqana.
  3376 | D:5      | Found a shimmering altar of Xom.
  3376 | D:5      | Noticed a soldier ant
  3377 | D:5      | Noticed a soldier ant
  3377 | D:5      | Noticed a spectral ugly thing
  3660 | D:5      | Reached XP level 7. HP: 36/52 MP: 7/7
  3757 | D:5      | Found an iron altar of Okawaru.
  3922 | D:5      | Noticed Blork the orc
  3936 | D:5      | Killed Blork the orc
  3936 | D:5      | Reached skill level 6 in Axes
  4508 | D:6      | Reached skill level 7 in Axes
  4508 | D:6      | Reached XP level 8. HP: 35/58 MP: 8/8
  4742 | D:6      | Noticed Moebius's ghost (novice GnWn)
  4769 | D:6      | Killed Moebius's ghost
  4769 | D:6      | Reached skill level 8 in Axes
  4777 | D:5      | Found a shadowy altar of Dithmenos.
  4788 | D:5      | Became a worshipper of Cheibriados the Contemplative
  4882 | D:6      | Reached XP level 9. HP: 57/64 MP: 9/9
  5041 | D:6      | Found a glowing silver altar of Zin.
  5041 | D:6      | Found a burning altar of Makhleb.
  5042 | D:6      | Noticed a cacodemon
  5042 | D:6      | Noticed an angel
  5261 | D:6      | Found a white marble altar of Elyvilon.
  5304 | D:7      | Reached skill level 9 in Axes
  5306 | D:7      | HP: 3/64 [orc priest/nerve-wracking pain (10)]
  5683 | D:7      | Found a staircase to the Ecumenical Temple.
  5759 | D:7      | Noticed Pikel
  5793 | D:7      | Killed Pikel
  6105 | D:7      | Reached skill level 10 in Axes
  6228 | D:7      | Reached * piety under Cheibriados
  6297 | D:7      | Reached skill level 1 in Dodging
  6580 | D:8      | Noticed galech's ghost (novice CeHu)
  6958 | D:8      | Noticed a two-headed ogre
  6982 | D:8      | Killed a two-headed ogre
  6982 | D:8      | Reached skill level 5 in Armour
  6982 | D:8      | Reached XP level 10. HP: 22/73 MP: 10/10
  7046 | D:8      | Found a flagged portal.
  7069 | Bailey   | Entered a bailey
  7343 | Bailey   | HP: 2/73 [gnoll/halberd (3)]
  7347 | Bailey   | Slain by a gnoll

Vault maps used:
D:1:      minmay_arrival_four_houses
D:3:      kb_forest_paths, old_standard_altar
D:4:      serial_glass, glass_columns_a, glass_columns_a, glass_columns_a,
          glass_columns_b, first_ration, serial_shops, shop_fountains,
          minmay_goblin_kobold_house
D:5:      regret_index_temple_of_mockery, nicolae_overflow_hidden_temple,
          serial_shops, shop, okawaru_metal_pillars_3, uniq_blork_the_orc
D:6:      grunt_temple_overflow_order_and_chaos_2, lemuel_coloured_pillars_altar
D:7:      minmay_temple_entry_hall, hangedman_decor_push, uniq_pikel
D:8:      kennysheep_mini, enter_bailey_1
Bailey:   bailey_polearm_gnolls_kennysheep, bailey

Skill      XL: |  1  2  3  4  5  6  7  8  9 |
---------------+----------------------------+-----
Shields        | 4 5 6 8 9 |  9.0
Axes           | 3 4 5 7 8 10 | 10.3
Armour         | 5 |  5.7
Dodging        | 2 |  2.4
Fighting       | 4 |  4.6

Action                   |  1- 3 |  4- 6 |  7- 9 | 10-12 || total
-------------------------+-------+-------+-------+-------++-------
Melee: War axe           |   106 |   173 |   274 |    38 ||   591
Invok: Bend Time         |       |       |     2 |       ||     2
  Use: Scroll            |       |     4 |       |     2 ||     6
       Potion            |       |     4 |    11 |       ||    15
  Eat: Chunk             |       |     9 |     3 |     1 ||    13
       Ration            |       |       |     2 |       ||     2
Armor: Scale mail        |    58 |    67 |    78 |     9 ||   212
       Skin              |       |       |     5 |     1 ||     6
Dodge: Dodged            |    46 |    75 |    79 |    25 ||   225
Block: Shield            |    59 |   105 |   146 |    34 ||   344

Table legend:
 A = Spawn XP
 B = Non-spawn XP
 C = Spawn XP percentage of total XP
 D = Spawn monster count
 E = Non-spawn monster count
 F = Spawn count percentage of total count
 G = Total turns spent on level
                    A         B        C        D         E        F      G
               +---------+---------+-------+---------+---------+-------+---------
         Total |       0 |    4648 |   0.0 |       0 |     123 |   0.0 |  7347
               +---------+---------+-------+---------+---------+-------+---------
           D:1 |       0 |      37 |   0.0 |       0 |      20 |   0.0 |   834
           D:2 |       0 |      47 |   0.0 |       0 |      11 |   0.0 |   759
           D:3 |       0 |      41 |   0.0 |       0 |      13 |   0.0 |  1121
           D:4 |       0 |     178 |   0.0 |       0 |      18 |   0.0 |   386
           D:5 |       0 |     606 |   0.0 |       0 |      15 |   0.0 |  1394
           D:6 |       0 |    1095 |   0.0 |       0 |      16 |   0.0 |   789
           D:7 |       0 |    1318 |   0.0 |       0 |      17 |   0.0 |  1621
           D:8 |       0 |    1062 |   0.0 |       0 |       5 |   0.0 |   165
        Bailey |       0 |     264 |   0.0 |       0 |       8 |   0.0 |   278
               +---------+---------+-------+---------+---------+-------+---------
